[Event "3rd FIDE WCCC Blitz U12 2019"]
[Site "Minsk"]
[Date "2019.08.18"]
[Round "1.1"]
[White "Cherniaiev, Tykhon"]
[Black "Babarinov, Aldar"]
[Result "1-0"]
[ECO "B23"]
[WhiteElo "2112"]
[BlackElo "1499"]
[Annotator "ChessBase"]
[PlyCount "89"]
[EventDate "2019.08.18"]
[EventType "swiss"]
[EventCountry "BLR"]
[SourceTitle "playchess.com"]
[Source "ChessBase"]
[SourceQuality "1"]
[TimeControl "300+2"]

1. e4 c5 2. Nc3 e6 3. g3 a6 4. Bg2 Qc7 5. d3 Nf6 6. Nh3 Be7 7. O-O O-O 8. f4 d6 9. g4 Nc6 10. g5 Nd7 11. f5 Nce5 12. Nf4 Nb6 13. f6 gxf6 14. gxf6 Bxf6 15. Nh5 Bh8 16. Bh6 Nbd7 17. Bxf8 Nxf8 18. Qd2 Nfg6 19. Qg5 Bd7 20. Ne2 Qd8 21. Qg3 Kf8 22. Nef4 Qe7 23. Bh3 Ke8 24. c3 Kd8 25. Nxg6 hxg6 26. Nf4 Kc7 27. d4 cxd4 28. cxd4 Nc6 29. d5 Ne5 30. dxe6 Bxe6 31. Rac1+ Kd7 32. Nd5 Qd8 33. Rc7+ Ke8 34. Bxe6 fxe6 35. Re7+ Qxe7 36. Nxe7 Kxe7 37. Qh4+ Kd7 38. Qh7+ Kc6 39. Rc1+ Kb6 40. Qc7+ Ka7 41. Qxd6 Nf3+ 42. Kh1 Nd4 43. Qc5+ Kb8 44. Rf1 Bg7 45. Rf7 1-0

[Event "3rd FIDE WCCC Blitz U12 2019"]
[Site "Minsk"]
[Date "2019.08.18"]
[Round "1.2"]
[White "Sirata, Aleh"]
[Black "Khubukshanov, Erdem"]
[Result "0-1"]
[ECO "D02"]
[WhiteElo "1434"]
[BlackElo "2257"]
[Annotator "ChessBase"]
[PlyCount "112"]
[EventDate "2019.08.18"]
[EventType "swiss"]
[EventCountry "BLR"]
[SourceTitle "playchess.com"]
[Source "ChessBase"]
[SourceQuality "1"]
[TimeControl "300+2"]

1. d4 d5 2. Bf4 Nf6 3. Nf3 c5 4. e3 Nc6 5. c3 e6 6. Bd3 Be7 7. Nbd2 Nh5 8. Bg3 Nxg3 9. hxg3 f5 10. Qe2 c4 11. Bc2 b5 12. a3 Bd7 13. Ne5 Nxe5 14. dxe5 g6 15. f4 a5 16. Nf3 b4 17. Nd4 O-O 18. O-O Rb8 19. axb4 axb4 20. Ra6 Qc8 21. Rfa1 bxc3 22. bxc3 Bc5 23. Qd1 Re8 24. R6a2 Qc7 25. Ba4 Red8 26. Bxd7 Qxd7 27. Ra6 Rb6 28. Qa4 Bxd4 29. exd4 Rxa6 30. Qxa6 Rb8 31. Qa7 Qxa7 32. Rxa7 Rb3 33. Re7 Rxc3 34. Rxe6 Rd3 35. Kf2 Rxd4 36. Ke3 Re4+ 37. Kf3 c3 38. Re8+ Kf7 39. Rc8 d4 40. g4 Re3+ 41. Kf2 fxg4 42. Rc4 Rd3 43. Rc7+ Ke6 44. Rc6+ Kd7 45. Rd6+ Ke7 46. Rc6 Rd2+ 47. Ke1 Rxg2 48. Rc7+ Ke6 49. Rc6+ Ke7 50. Rc7+ Kd8 51. Rxh7 c2 52. Rh8+ Ke7 53. Rc8 Rg1+ 54. Kd2 c1=Q+ 55. Rxc1 Rxc1 56. Kxc1 g3 0-1

[Event "3rd FIDE WCCC Blitz U12 2019"]
[Site "Minsk"]
[Date "2019.08.18"]
[Round "1.3"]
[White "Strybuk, Artsiom I"]
[Black "Smolin, Alexander"]
[Result "1-0"]
[ECO "E63"]
[WhiteElo "2200"]
[BlackElo "1561"]
[Annotator "ChessBase"]
[PlyCount "125"]
[EventDate "2019.08.18"]
[EventType "swiss"]
[EventCountry "BLR"]
[SourceTitle "playchess.com"]
[Source "ChessBase"]
[SourceQuality "1"]
[TimeControl "300+2"]

1. d4 Nf6 2. c4 g6 3. Nf3 Bg7 4. g3 O-O 5. Bg2 d6 6. O-O Nc6 7. Nc3 a6 8. d5 Na5 9. Nd2 c5 10. Qc2 Bd7 11. b3 b5 12. Bb2 Rb8 13. Rab1 Qc7 14. Nd1 Qc8 15. Ne3 Bh3 16. Bc3 b4 17. Bb2 Bxg2 18. Nxg2 e6 19. e4 exd5 20. exd5 Re8 21. Rbe1 Qd7 22. Nf4 Rxe1 23. Rxe1 Re8 24. Qd1 Nxd5 25. Bxg7 Nxf4 26. Ba1 Nd3 27. Rf1 Qf5 28. Nf3 Ne5 29. Nxe5 dxe5 30. Qd5 Qc8 31. Bxe5 Qc6 32. f4 Qxd5 33. cxd5 Nb7 34. d6 Rd8 35. Rd1 f6 36. Bxf6 Rxd6 37. Rxd6 Nxd6 38. Be7 Ne4 39. Kg2 a5 40. Kf3 Nc3 41. Bxc5 Nxa2 42. Bb6 a4 43. bxa4 b3 44. Bd4 Nb4 45. a5 Kf7 46. Ke4 Ke6 47. Bc3 Nc6 48. Kd3 Kd5 49. Be1 b2 50. Kc2 Kc5 51. Kxb2 Kb5 52. Kc2 Nd4+ 53. Kd3 Nf3 54. Bc3 Nxh2 55. Ke4 Ng4 56. Kd5 Ne3+ 57. Ke6 h5 58. Kf7 Nd5 59. Bd2 h4 60. gxh4 Nc7 61. Kxg6 Ne8 62. h5 Kc4 63. a6 1-0

[Event "3rd FIDE WCCC Blitz U12 2019"]
[Site "Minsk"]
[Date "2019.08.18"]
[Round "1.4"]
[White "Gizunov, Stepan"]
[Black "Israfilov, Ali"]
[Result "0-1"]
[ECO "B43"]
[WhiteElo "1349"]
[BlackElo "1857"]
[Annotator "NA"]
[PlyCount "114"]
[EventDate "2019.08.18"]
[EventType "swiss"]
[EventCountry "BLR"]
[SourceTitle "playchess.com"]
[Source "ChessBase"]
[SourceQuality "1"]
[TimeControl "300+2"]

1. e4 c5 2. Nf3 e6 3. d4 cxd4 4. Nxd4 a6 5. Nc3 Qc7 6. Be2 b5 7. a3 Bb7 8. O-O Nf6 9. f3 d6 10. Be3 Nbd7 11. Qd2 Be7 12. Rad1 O-O 13. Rfe1 Rac8 14. Bd3 Ne5 15. f4 Nc4 16. Qe2 Nxb2 17. Bd2 Nxd1 18. Rxd1 Qc5 19. Qf2 Ng4 20. Qg3 Qxd4+ 21. Kf1 Nf6 22. e5 dxe5 23. fxe5 Nd5 24. Bh6 Ne3+ 25. Bxe3 Qxc3 26. Bh6 g6 27. Bxf8 Bxf8 28. h4 Bg7 29. Re1 Qxa3 30. h5 Rxc2 31. hxg6 hxg6 32. Qe3 Rc3 33. Rd1 Qc5 34. Qxc5 Rxc5 35. Be2 Bxe5 36. Rd8+ Kg7 37. Rd7 Bd5 38. Ra7 Rc1+ 39. Bd1 Rxd1+ 40. Ke2 Ra1 41. g4 Bc4+ 42. Ke3 b4 43. Ke4 Bf6 44. Ke3 b3 45. Rb7 b2 46. Kd2 b1=Q 47. Rxb1 Rxb1 48. Ke3 a5 49. Kd2 a4 50. Kc2 Rb6 51. Kc1 a3 52. Kc2 a2 53. Kd2 a1=Q 54. Ke3 Qd4+ 55. Kf3 Rb3+ 56. Kg2 Qd2+ 57. Kg1 Rb1# 0-1

[Event "3rd FIDE WCCC Blitz U12 2019"]
[Site "Minsk"]
[Date "2019.08.18"]
[Round "1.5"]
[White "Saveljev, Ivan"]
[Black "Parkhimchyk, Kiryl"]
[Result "1-0"]
[ECO "C02"]
[WhiteElo "2040"]
[BlackElo "1424"]
[Annotator "NA"]
[PlyCount "91"]
[EventDate "2019.08.18"]
[EventType "swiss"]
[EventCountry "BLR"]
[SourceTitle "playchess.com"]
[Source "ChessBase"]
[SourceQuality "1"]
[TimeControl "300+2"]

1. e4 e6 2. d4 d5 3. e5 c5 4. c3 Nc6 5. Nf3 Qb6 6. a3 a5 7. Bd3 Bd7 8. Bc2 c4 9. O-O Nge7 10. Nbd2 Ng6 11. b3 cxb3 12. Nxb3 Be7 13. Be3 Qc7 14. Qd3 a4 15. Nbd2 Na5 16. Rfc1 b5 17. Qe2 Nc4 18. Nxc4 bxc4 19. Ne1 O-O 20. Bd1 Rfb8 21. Nc2 Rb2 22. Qe1 Qb7 23. Nb4 Bxb4 24. cxb4 Rc8 25. Qc3 Rb3 26. Bxb3 cxb3 27. Qb2 Rc4 28. Rc3 Bb5 29. Rac1 Rxc3 30. Rxc3 Bc4 31. Bc1 Ne7 32. Qd2 Nf5 33. Bb2 Qb6 34. h3 Kf8 35. g4 Nxd4 36. Kg2 Nc6 37. Rf3 Qb7 38. Qf4 Ke8 39. h4 Ne7 40. Qxf7+ Kd8 41. Qxe6 d4 42. Qxc4 Ng6 43. Qxd4+ Ke7 44. Qd6+ Ke8 45. Kg3 Nxh4 46. Rf8# 1-0

[Event "3rd FIDE WCCC Blitz U12 2019"]
[Site "Minsk"]
[Date "2019.08.18"]
[Round "1.6"]
[White "Kotelnikov, Konstantin"]
[Black "Shakhaylo, Dmitriy"]
[Result "1/2-1/2"]
[ECO "B39"]
[WhiteElo "1629"]
[BlackElo "1718"]
[Annotator "NA"]
[PlyCount "145"]
[EventDate "2019.08.18"]
[EventType "swiss"]
[EventCountry "BLR"]
[SourceTitle "playchess.com"]
[Source "ChessBase"]
[SourceQuality "1"]
[TimeControl "300+2"]

1. e4 c5 2. Nf3 Nc6 3. d4 cxd4 4. Nxd4 g6 5. c4 Bg7 6. Be3 Nf6 7. Nc3 Ng4 8. Qxg4 Nxd4 9. Qd1 Ne6 10. Bd3 O-O 11. O-O d6 12. Qd2 Nc7 13. Nd5 Nxd5 14. exd5 b6 15. Bh6 Ba6 16. Bxg7 Kxg7 17. b3 f5 18. f4 Qd7 19. Rfe1 Rae8 20. Re6 Rf6 21. Rae1 Kf7 22. Qe3 Kf8 23. Kh1 Rxe6 24. Qxe6 Qxe6 25. Rxe6 Bc8 26. Re2 Kf7 27. Kg1 e6 28. dxe6+ Rxe6 29. Kf2 Bb7 30. g3 d5 31. Rxe6 Kxe6 32. Ke3 Kd6 33. Kd4 Bc6 34. Be2 h6 35. h4 Bb7 36. Bf3 Ba8 37. Bxd5 Bxd5 38. cxd5 b5 39. b4 a6 40. a3 h5 41. Ke3 Kxd5 42. Kd3 Kc6 43. Kc3 Kc7 44. Kd3 Kd7 45. Kc3 Kc6 46. Kd4 Kd6 47. Kc3 Ke6 48. Kd2 Kd6 49. Kc3 Kd5 50. Kd3 Kc6 51. Kc3 Kc7 52. Kd3 Kc6 53. Kc3 Kc7 54. Kd3 Kc6 55. Kc3 Kd7 56. Kd3 Ke7 57. Kc3 Ke6 58. Kd4 Kd6 59. Kc3 Kc7 60. Kd4 Kd6 61. Kc3 Kd5 62. Kd3 Kc6 63. Kc3 Kd5 64. Kd3 Ke6 65. Ke3 Kd7 66. Kd3 Kc7 67. Kc3 Kc6 68. Kd4 Kd6 69. Kc3 Kd5 70. Kd3 Kc6 71. Kc3 Kc7 72. Kd4 Kd6 73. Kc3 {[%emt 0:00:00] Ke5} 1/2-1/2

[Event "3rd FIDE WCCC Blitz U12 2019"]
[Site "Minsk"]
[Date "2019.08.18"]
[Round "2.1"]
[White "Mikko, Rondo"]
[Black "Cherniaiev, Tykhon"]
[Result "1-0"]
[ECO "A05"]
[WhiteElo "1514"]
[BlackElo "2112"]
[Annotator "NA"]
[PlyCount "96"]
[EventDate "2019.08.18"]
[EventType "swiss"]
[EventCountry "BLR"]
[SourceTitle "playchess.com"]
[Source "ChessBase"]
[SourceQuality "1"]
[TimeControl "300+2"]

1. Nf3 Nf6 2. g3 b5 3. Bg2 Bb7 4. O-O e6 5. d4 Be7 6. b3 O-O 7. Bb2 d5 8. e3 Nbd7 9. c3 c5 10. Nbd2 a5 11. a3 Qc7 12. dxc5 Nxc5 13. b4 Nd3 14. Qc2 Nxb2 15. Qxb2 Rfc8 16. Rfc1 a4 17. Nd4 Ba6 18. e4 dxe4 19. Nxe4 Nd5 20. Ne2 Rab8 21. Nd2 Nb6 22. Rc2 Bf6 23. Rac1 Bb7 24. Nd4 Bxg2 25. Kxg2 Qd7 26. Ne4 Be7 27. Nf3 Nc4 28. Qa2 Qc6 29. Ned2 Ne5 30. c4 bxc4 31. Rc3 Qd5 32. Kg1 Nxf3+ 33. Nxf3 Bf6 34. Rxc4 Rd8 35. Kg2 h5 36. h4 Qd3 37. Qc2 Qxa3 38. b5 Ra8 39. Rb1 Qd3 40. Qxd3 Rxd3 41. b6 Rb3 42. Rxb3 axb3 43. b7 Rb8 44. Rc8+ Kh7 45. Rxb8 b2 46. Nd2 Bc3 47. Nb1 Be5 48. Rc8 Kg6 1-0

[Event "3rd FIDE WCCC Blitz U12 2019"]
[Site "Minsk"]
[Date "2019.08.18"]
[Round "2.2"]
[White "Khubukshanov, Erdem"]
[Black "Sheremetev, Vladislav"]
[Result "1-0"]
[ECO "D23"]
[WhiteElo "2257"]
[BlackElo "1634"]
[Annotator "NA"]
[PlyCount "168"]
[EventDate "2019.08.18"]
[EventType "swiss"]
[EventCountry "BLR"]
[SourceTitle "playchess.com"]
[Source "ChessBase"]
[SourceQuality "1"]
[TimeControl "300+2"]

1. Nf3 Nf6 2. d4 d5 3. c4 dxc4 4. Qa4+ Nbd7 5. Qxc4 a6 6. g3 e6 7. Bg2 b5 8. Qc6 Rb8 9. O-O Bb7 10. Qc2 c5 11. Rd1 Qb6 12. e3 cxd4 13. Rxd4 Bc5 14. Rd1 O-O 15. Nc3 Rbc8 16. Qe2 Rfd8 17. Bd2 h6 18. Be1 Nb8 19. a3 Rxd1 20. Rxd1 Rd8 21. Nh4 Bxg2 22. Nxg2 Nc6 23. Nf4 Be7 24. Nd3 Na5 25. Ne5 Nc6 26. Nf3 Na5 27. Nb1 Nc4 28. Nd4 Bc5 29. Bc3 Nd5 30. Nb3 Nxc3 31. Nxc3 Be7 32. Nd4 Bf6 33. Nb3 Rxd1+ 34. Nxd1 Qd8 35. Kf1 Qd5 36. e4 Qd7 37. Nc5 Qc6 38. Nd3 Be7 39. f3 Bc5 40. Nxc5 Qxc5 41. Qd3 Qd6 42. Qxd6 Nxd6 43. Ke2 Kf8 44. Kd3 Ke7 45. Kd4 Nb7 46. e5 Kd7 47. Ne3 Kc6 48. Nc2 Nc5 49. Nb4+ Kb6 50. Nc2 Nb3+ 51. Kc3 Nc5 52. Ne3 Na4+ 53. Kc2 Kc5 54. b3 Nb6 55. Kd3 Nd5 56. Nc2 a5 57. h4 b4 58. a4 h5 59. f4 g6 60. Nd4 Nc3 61. Nf3 Nd5 62. Ng5 Ne7 63. Nxf7 Nf5 64. Ng5 Kd5 65. Ne4 Ne7 66. Nf6+ Kc6 67. Kc4 Nf5 68. Ne4 Ne3+ 69. Kd3 Nf5 70. Ng5 Kd5 71. Ne4 Kc6 72. Kc4 Ne3+ 73. Kd4 Nf5+ 74. Kd3 Kd5 75. Nf6+ Kc6 76. Nh7 Nxg3 77. Nf8 Nf5 78. Nxe6 Nxh4 79. Ke4 Nf5 80. Nf8 Ne7 81. Ne6 Nf5 82. Ng5 Ne7 83. Nf3 Kc5 84. Nh4 Kc6 1-0

[Event "3rd FIDE WCCC Blitz U12 2019"]
[Site "Minsk"]
[Date "2019.08.18"]
[Round "2.3"]
[White "Demchenko, Yaroslav"]
[Black "Strybuk, Artsiom I"]
[Result "1/2-1/2"]
[ECO "C50"]
[WhiteElo "1581"]
[BlackElo "2200"]
[Annotator "NA"]
[PlyCount "125"]
[EventDate "2019.08.18"]
[EventType "swiss"]
[EventCountry "BLR"]
[SourceTitle "playchess.com"]
[Source "ChessBase"]
[SourceQuality "1"]
[TimeControl "300+2"]

1. e4 e5 2. Nf3 Nc6 3. Bc4 Bc5 4. O-O Nf6 5. d4 Nxd4 6. Nxe5 O-O 7. Be3 Ne6 8. Bxe6 Bxe3 9. Bxf7+ Rxf7 10. Nxf7 Kxf7 11. fxe3 Qe7 12. Nc3 c6 13. Qd4 d6 14. Rad1 Bg4 15. Rd2 Re8 16. Qxd6 Qxd6 17. Rxd6 Ke7 18. Rd2 Nd7 19. h3 Be6 20. b3 Ne5 21. Ne2 Bc8 22. Nf4 b6 23. Nh5 Rg8 24. Nf4 Re8 25. Nh5 Rg8 26. Nf4 Re8 27. Rfd1 g5 28. Nd3 Nf7 29. Nb4 Ne5 30. Rd6 Bd7 31. Rh6 Rh8 32. Rh5 h6 33. Nd3 Nxd3 34. cxd3 Be8 35. g4 Ke6 36. Kg2 Bxh5 37. gxh5 Rd8 38. Kg3 Ke5 39. Kf2 a5 40. Ke2 c5 41. Rf1 Ke6 42. a4 Ke7 43. Rf5 Ke6 44. Kd2 Ke7 45. Re5+ Kf6 46. Rd5 Rb8 47. Rd6+ Kg7 48. e5 Rb7 49. d4 cxd4 50. exd4 b5 51. e6 Kf6 52. e7+ Kxe7 53. Rxh6 Rb8 54. Rh7+ Kf6 55. Rc7 bxa4 56. bxa4 Rb4 57. Kc3 Rxa4 58. h6 Ra3+ 59. Kc4 Rxh3 60. Kb5 Ke6 61. Kxa5 Kd6 62. Rb7 Kd5 63. Rd7+ 1/2-1/2

[Event "3rd FIDE WCCC Blitz U12 2019"]
[Site "Minsk"]
[Date "2019.08.18"]
[Round "2.4"]
[White "Israfilov, Ali"]
[Black "Burbach, Brunel Baron"]
[Result "0-1"]
[ECO "E46"]
[WhiteElo "1857"]
[BlackElo "1548"]
[Annotator "NA"]
[PlyCount "91"]
[EventDate "2019.08.18"]
[EventType "swiss"]
[EventCountry "BLR"]
[SourceTitle "playchess.com"]
[Source "ChessBase"]
[SourceQuality "1"]
[TimeControl "300+2"]

1. d4 Nf6 2. c4 e6 3. Nc3 Bb4 4. e3 O-O 5. Nge2 d5 6. a3 Bd6 7. Ng3 c5 8. dxc5 Bxc5 9. cxd5 Nxd5 10. Nxd5 Qxd5 11. Qxd5 exd5 12. b4 Bb6 13. Bb2 a5 14. Be2 Be6 15. O-O axb4 16. axb4 Nd7 17. Bf3 Bc7 18. Rac1 Bd6 19. Rfd1 Nb6 20. e4 dxe4 21. Rxd6 Nc4 22. Rxe6 fxe6 23. Rxc4 exf3 24. gxf3 Rxf3 25. Kg2 Rf7 26. Bd4 h6 27. Nh5 b5 28. Rc6 e5 29. Bxe5 Rf5 30. Bxg7 Rxh5 31. Bxh6 Rh4 32. Bd2 Ra2 33. Bc3 Rc4 34. Rg6+ Kf7 35. Rf6+ Kg8 36. Rf3 Ra3 37. Bd2 Rxf3 38. Kxf3 Kf7 39. Ke3 Ke6 40. f3 Ke5 41. Be1 Kf5 42. h4 Rc1 43. Bg3 Rb1 44. Bd6 Rd1 45. Bc5 Rh1 46. Bd6 0-1

[Event "3rd FIDE WCCC Blitz U12 2019"]
[Site "Minsk"]
[Date "2019.08.18"]
[Round "2.5"]
[White "Sahib Singh"]
[Black "Saveljev, Ivan"]
[Result "1-0"]
[ECO "B33"]
[WhiteElo "1556"]
[BlackElo "2040"]
[Annotator "NA"]
[PlyCount "135"]
[EventDate "2019.08.18"]
[EventType "swiss"]
[EventCountry "BLR"]
[SourceTitle "playchess.com"]
[Source "ChessBase"]
[SourceQuality "1"]
[TimeControl "300+2"]

1. e4 c5 2. Nf3 Nc6 3. d4 cxd4 4. Nxd4 Nf6 5. Nc3 e5 6. Ndb5 d6 7. Bg5 a6 8. Na3 b5 9. Nd5 Be7 10. Bxf6 Bxf6 11. c3 O-O 12. Nc2 Bg5 13. Bd3 Kh8 14. O-O Be6 15. Nce3 g6 16. f4 exf4 17. Nxf4 Qb6 18. Qd2 Rad8 19. Kh1 Ne5 20. Qe2 Nxd3 21. Qxd3 Qc5 22. Nfd5 Bxe3 23. Nxe3 Rfe8 24. Nd5 f5 25. Rad1 Bxd5 26. exd5 Re5 27. b4 Qb6 28. Qg3 Rde8 29. Qh4 Kg7 30. Rd4 Re4 31. Rxe4 Rxe4 32. Qg3 Re3 33. Qg5 Re4 34. h4 Qc7 35. Rxf5 Qxc3 36. Rf3 Re1+ 37. Kh2 Qe5+ 38. Qxe5+ Rxe5 39. Ra3 Rxd5 40. Rxa6 Rd4 41. Kh3 Kf6 42. a3 Ke5 43. Ra5 Rd5 44. Kg4 Ke6 45. Ra8 h5+ 46. Kf4 Rd4+ 47. Kg5 Rg4+ 48. Kh6 Rxg2 49. Ra5 Rg4 50. Rxb5 Rxh4 51. Kxg6 Rh3 52. a4 h4 53. Rh5 Rg3+ 54. Kh7 h3 55. a5 Kd7 56. b5 Kc7 57. b6+ Kb7 58. Kh6 Ka6 59. Kh7 Kb7 60. Kh8 Rd3 61. Rh7+ Ka6 62. Ra7+ Kb5 63. b7 h2 64. b8=Q+ Kc5 65. Qb6+ Kd5 66. Qb7+ Ke5 67. Qb5+ Rd5 68. Qe2+ 1-0

[Event "3rd FIDE WCCC Blitz U12 2019"]
[Site "Minsk"]
[Date "2019.08.18"]
[Round "2.6"]
[White "Sapenov, Daniyal"]
[Black "Kolesov, Gordey"]
[Result "1/2-1/2"]
[ECO "A46"]
[WhiteElo "1612"]
[BlackElo "1761"]
[Annotator "NA"]
[PlyCount "127"]
[EventDate "2019.08.18"]
[EventType "swiss"]
[EventCountry "BLR"]
[SourceTitle "playchess.com"]
[Source "ChessBase"]
[SourceQuality "1"]
[TimeControl "300+2"]

1. d4 Nf6 2. Nf3 d5 3. g3 e6 4. Bg2 Be7 5. O-O O-O 6. b3 c5 7. Bb2 cxd4 8. Nxd4 Nc6 9. e3 Nxd4 10. Bxd4 Qc7 11. Nd2 e5 12. Bb2 Bg4 13. Qc1 Rac8 14. c4 dxc4 15. Nxc4 e4 16. Bd4 b6 17. Qb2 Qd7 18. Ne5 Qf5 19. Nxg4 Qxg4 20. Rac1 Qf5 21. h3 Qa5 22. Rxc8 Rxc8 23. Rc1 Re8 24. a4 Qf5 25. Rc2 Qg6 26. Qc1 Nd5 27. Rc8 Rxc8 28. Qxc8+ Bf8 29. Qd7 Nb4 30. Qe8 f5 31. Qxg6 hxg6 32. Bf1 Nc2 33. Bc4+ Kh7 34. Bc3 Bc5 35. Kf1 g5 36. Ke2 Nb4 37. Be6 Kg6 38. Bxb4 Bxb4 39. Bc4 Kf6 40. f3 exf3+ 41. Kxf3 Ke5 42. g4 f4 43. exf4+ gxf4 44. Bf7 g5 45. Bc4 Be7 46. Bf7 Bd6 47. Bc4 Kd4 48. Bg8 Kc3 49. Bf7 Kb4 50. Bc4 Be5 51. Bf7 Kc3 52. Bc4 Kd2 53. Bb5 Kc2 54. Bc4 Bd6 55. Bd5 Kc3 56. Bc4 Be5 57. Bd5 Kd2 58. Bc4 Ke1 59. Bb5 Bd6 60. Bc4 Kd1 61. Bd5 Kd2 62. Bc4 Bc7 63. Bd5 Ke1 64. Bc4 1/2-1/2

[Event "3rd FIDE WCCC Blitz U12 2019"]
[Site "Minsk"]
[Date "2019.08.18"]
[Round "3.1"]
[White "Bashirov, Kemal"]
[Black "Khubukshanov, Erdem"]
[Result "*"]
[ECO "D31"]
[WhiteElo "1564"]
[BlackElo "2257"]
[Annotator "NA"]
[PlyCount "33"]
[EventDate "2019.08.18"]
[EventType "swiss"]
[EventCountry "BLR"]
[SourceTitle "playchess.com"]
[Source "ChessBase"]
[SourceQuality "1"]
[TimeControl "300+2"]

1. d4 d5 2. c4 e6 3. Nc3 c6 4. cxd5 exd5 5. Nf3 Nf6 6. Bg5 Be7 7. e3 Bf5 8. Bxf6 Bxf6 9. Bd3 Bxd3 10. Qxd3 Be7 11. O-O O-O 12. h3 Nd7 13. Rab1 a5 14. Qc2 Re8 15. Ne2 Bd6 16. a3 Qe7 17. Nc3 *

[Event "3rd FIDE WCCC Blitz U12 2019"]
[Site "Minsk"]
[Date "2019.08.18"]
[Round "3.2"]
[White "Dovbnia, Nikita"]
[Black "Navumenka, Mikhei"]
[Result "*"]
[ECO "A05"]
[WhiteElo "1777"]
[BlackElo "2148"]
[Annotator "NA"]
[PlyCount "31"]
[EventDate "2019.08.18"]
[EventType "swiss"]
[EventCountry "BLR"]
[SourceTitle "playchess.com"]
[Source "ChessBase"]
[SourceQuality "1"]
[TimeControl "300+2"]

1. Nf3 Nf6 2. c4 b6 3. Nc3 Bb7 4. g3 e5 5. Bg2 d6 6. O-O Be7 7. d4 exd4 8. Nxd4 Bxg2 9. Kxg2 O-O 10. e4 Qd7 11. f3 Nc6 12. Nf5 Ne5 13. b3 Rfe8 14. Bb2 Bf8 15. Rc1 a6 16. Nd5 *

[Event "3rd FIDE WCCC Blitz U12 2019"]
[Site "Minsk"]
[Date "2019.08.18"]
[Round "3.3"]
[White "Chyndygyr, Tamerlan"]
[Black "Sidletskyi, Ivan"]
[Result "*"]
[ECO "E61"]
[WhiteElo "1984"]
[BlackElo "1986"]
[Annotator "NA"]
[PlyCount "27"]
[EventDate "2019.08.18"]
[EventType "swiss"]
[EventCountry "BLR"]
[SourceTitle "playchess.com"]
[Source "ChessBase"]
[SourceQuality "1"]
[TimeControl "300+2"]

1. d4 Nf6 2. c4 g6 3. Nc3 Bg7 4. Nf3 O-O 5. Bf4 d6 6. e3 Nh5 7. Bg5 h6 8. Bh4 c6 9. Be2 Qe8 10. O-O f5 11. Nd2 Nf6 12. f3 e5 13. Bf2 Nbd7 14. d5 *

[Event "3rd FIDE WCCC Blitz U12 2019"]
[Site "Minsk"]
[Date "2019.08.18"]
[Round "3.4"]
[White "Mochalov, Dmitriy"]
[Black "Mikko, Rondo"]
[Result "*"]
[ECO "C70"]
[WhiteElo "1852"]
[BlackElo "1514"]
[Annotator "NA"]
[PlyCount "26"]
[EventDate "2019.08.18"]
[EventType "swiss"]
[EventCountry "BLR"]
[SourceTitle "playchess.com"]
[Source "ChessBase"]
[SourceQuality "1"]
[TimeControl "300+2"]

1. e4 e5 2. Nf3 Nc6 3. Bb5 a6 4. Ba4 b5 5. Bb3 d6 6. c3 Be7 7. h3 Nf6 8. O-O O-O 9. d4 Na5 10. Bc2 Bb7 11. Re1 Nd7 12. Nbd2 Bf6 13. Nf1 c5 *

[Event "3rd FIDE WCCC Blitz U12 2019"]
[Site "Minsk"]
[Date "2019.08.18"]
[Round "3.5"]
[White "Mokhtari Moghadam, Taha"]
[Black "Sahib Singh"]
[Result "*"]
[ECO "D37"]
[WhiteElo "1745"]
[BlackElo "1556"]
[Annotator "NA"]
[PlyCount "26"]
[EventDate "2019.08.18"]
[EventType "swiss"]
[EventCountry "BLR"]
[SourceTitle "playchess.com"]
[Source "ChessBase"]
[SourceQuality "1"]
[TimeControl "300+2"]

1. Nf3 d5 2. d4 Nf6 3. c4 e6 4. Nc3 Be7 5. cxd5 Nxd5 6. e4 Nxc3 7. bxc3 O-O 8. Bd3 c5 9. O-O Nc6 10. e5 cxd4 11. cxd4 h6 12. a3 Kh8 13. Bc2 h5 *

[Event "3rd FIDE WCCC Blitz U12 2019"]
[Site "Minsk"]
[Date "2019.08.18"]
[Round "3.6"]
[White "Bialiauski, Artsiom"]
[Black "Gavrilov, Maxim"]
[Result "*"]
[ECO "D02"]
[WhiteElo "1844"]
[BlackElo "1808"]
[Annotator "NA"]
[PlyCount "27"]
[EventDate "2019.08.18"]
[EventType "swiss"]
[EventCountry "BLR"]
[SourceTitle "playchess.com"]
[Source "ChessBase"]
[SourceQuality "1"]
[TimeControl "300+2"]

1. d4 d5 2. Nf3 Nf6 3. Bf4 c5 4. c3 Nc6 5. e3 Qb6 6. Qb3 c4 7. Qc2 Bf5 8. Qc1 h6 9. Nbd2 e6 10. Be2 Nh5 11. Be5 Nxe5 12. dxe5 g6 13. Nd4 Ng7 14. g4 *

[Event "3rd FIDE WCCC Blitz U12 2019"]
[Site "Minsk"]
[Date "2019.08.18"]
[Round "4.1"]
[White "Khubukshanov, Erdem"]
[Black "Mochalov, Dmitriy"]
[Result "1-0"]
[ECO "A48"]
[WhiteElo "2257"]
[BlackElo "1852"]
[Annotator "NA"]
[PlyCount "87"]
[EventDate "2019.08.18"]
[EventType "swiss"]
[EventCountry "BLR"]
[SourceTitle "playchess.com"]
[Source "ChessBase"]
[SourceQuality "1"]
[TimeControl "300+2"]

1. Nf3 Nf6 2. d4 g6 3. Nc3 d5 4. Bf4 Bg7 5. e3 c6 6. h4 Bg4 7. Be2 Nbd7 8. Ne5 Bxe2 9. Qxe2 h5 10. O-O O-O 11. Rad1 Qc8 12. e4 dxe4 13. Nxe4 Nxe4 14. Qxe4 Nf6 15. Qe2 Qf5 16. Bh2 Rad8 17. Rfe1 Nd5 18. c3 e6 19. Nc4 Qf6 20. Qe4 Qe7 21. Be5 Bxe5 22. dxe5 b5 23. Na5 Qc7 24. Nb3 c5 25. c4 bxc4 26. Qxc4 Rc8 27. Rc1 Qb6 28. Qe4 Qb4 29. Rc4 Qb5 30. Rec1 Qa6 31. a3 Qb5 32. Qf3 Rb8 33. Nxc5 Rfc8 34. b3 Qa5 35. b4 Qb5 36. Qe4 Rd8 37. Nxe6 fxe6 38. Qxg6+ Kf8 39. Qh6+ Kf7 40. Qxh5+ Kf8 41. Qh8+ Kf7 42. Qh7+ Kf8 43. Rg4 Ne7 44. Qh8+ 1-0

[Event "3rd FIDE WCCC Blitz U12 2019"]
[Site "Minsk"]
[Date "2019.08.18"]
[Round "4.2"]
[White "Navumenka, Mikhei"]
[Black "Matviienko, Mykhailo"]
[Result "1/2-1/2"]
[ECO "E16"]
[WhiteElo "2148"]
[BlackElo "1755"]
[Annotator "NA"]
[PlyCount "87"]
[EventDate "2019.08.18"]
[EventType "swiss"]
[EventCountry "BLR"]
[SourceTitle "playchess.com"]
[Source "ChessBase"]
[SourceQuality "1"]
[TimeControl "300+2"]

1. d4 Nf6 2. Nf3 e6 3. c4 b6 4. g3 Bb7 5. Bg2 Bb4+ 6. Bd2 Be7 7. O-O O-O 8. Qc2 d5 9. Rd1 Nbd7 10. Bf4 Rc8 11. Ne5 c6 12. Nc3 Nxe5 13. dxe5 Nd7 14. h4 Qc7 15. cxd5 cxd5 16. e4 dxe4 17. Bxe4 Bxe4 18. Qxe4 Nc5 19. Qe2 Rcd8 20. Nb5 Qb8 21. Rac1 Rxd1+ 22. Rxd1 a6 23. Nd6 Bxd6 24. exd6 Qb7 25. h5 h6 26. Rc1 a5 27. Rd1 Rd8 28. a3 a4 29. Qg4 Kh8 30. Qe2 f6 31. Qd2 e5 32. Bxh6 gxh6 33. Qxh6+ Kg8 34. Qxf6 Rf8 35. Qxe5 Qf7 36. Qg5+ Kh8 37. Qe5+ Kg8 38. Rd2 Nd7 39. Qg5+ Kh8 40. h6 Nf6 41. Re2 Nh7 42. Qe5+ Qf6 43. d7 Kg8 44. Qd5+ 1/2-1/2

[Event "3rd FIDE WCCC Blitz U12 2019"]
[Site "Minsk"]
[Date "2019.08.18"]
[Round "4.3"]
[White "Sahib Singh"]
[Black "Chyndygyr, Tamerlan"]
[Result "0-1"]
[ECO "B07"]
[WhiteElo "1556"]
[BlackElo "1984"]
[Annotator "NA"]
[PlyCount "116"]
[EventDate "2019.08.18"]
[EventType "swiss"]
[EventCountry "BLR"]
[SourceTitle "playchess.com"]
[Source "ChessBase"]
[SourceQuality "1"]
[TimeControl "300+2"]

1. e4 d6 2. d4 Nf6 3. Nc3 Nbd7 4. Nf3 e5 5. Bc4 Be7 6. dxe5 dxe5 7. O-O O-O 8. Qe2 c6 9. Rd1 Qc7 10. Nh4 b5 11. Bd3 Nc5 12. Nf5 Bxf5 13. exf5 b4 14. Ne4 Ncxe4 15. Bxe4 Rfd8 16. Bg5 Nd5 17. Bxe7 Qxe7 18. Bxd5 cxd5 19. Rd2 Rd6 20. Re1 f6 21. Qb5 Qd7 22. Qxb4 Rb6 23. Qc5 Rb5 24. Qa3 Qxf5 25. b3 Qe6 26. Red1 a5 27. Qc1 Rc5 28. Qb2 Rac8 29. a4 d4 30. Kf1 Rc3 31. Re2 Qc6 32. Rdd2 h6 33. h3 Kh7 34. Kg1 Kh8 35. Kh2 Kh7 36. Kg1 Qc5 37. Qb1 Qa7 38. Rd3 Qa6 39. Rxc3 Rxc3 40. Qd1 Qc6 41. Rd2 Qc5 42. Qe2 f5 43. Qh5 g6 44. Qe2 h5 45. Kf1 e4 46. Qd1 d3 47. Kg1 Rxc2 48. Rxc2 Qxc2 49. Qf1 d2 50. Qa6 d1=Q+ 51. Kh2 Qc7+ 52. g3 Qf3 53. Qf1 Qa7 54. Kg1 Qxg3+ 55. Kh1 Qaxf2 56. Qxf2 Qxf2 57. b4 e3 58. b5 e2 0-1